 Dungeon Crawl Stone Soup version 0.27.0-1-g7a089689b8 (webtiles) character file.

Game seed: 10022460691370308426

106 dolemite99 the Poker (level 4, 0/33 HPs)
             Began as a Merfolk Gladiator on Aug 3, 2021.
             Was a Believer of Elyvilon.
             Slain by a gnoll (7 damage)
             ... on level 3 of the Dungeon.
             The game lasted 00:02:46 (3282 turns).

dolemite99 the Poker (Merfolk Gladiator)            Turns: 3282, Time: 00:02:46

Health: 0/33       AC:  4    Str: 15    XL:     4   Next: 84%
Magic:  5/6        EV: 13    Int:  7    God:    Elyvilon [**....]
Gold:   159        SH:  0    Dex: 15    Spells: 3/3 levels left

rFire    . . .     SeeInvis .   a - +0 trident
rCold    . . .     Faith    .   (no shield)
rNeg     . . .     Spirit   .   b - +0 leather armour
rPois    .         Reflect  .   c - +0 helmet
rElec    .         Harm     .   (no cloak)
rCorr    .         Rampage  .   (no gloves)
Will     .....                  (no boots)
Stlth    +.........             (no amulet)
HPRegen  0.11/turn              (no ring)
MPRegen  0.10/turn              (no ring)

@: no status effects
A: (nimble swimmer 2), mertail
a: Renounce Religion, Lesser Healing, Heal Other, Divine Protection


You were on level 3 of the Dungeon.
You worshipped Elyvilon.
Elyvilon was pleased with you.
You visited 1 branch of the dungeon, and saw 4 of its levels.

You collected 159 gold pieces.

Inventory:

Hand Weapons
 a - a +0 trident (weapon)
Missiles
 d - 3 throwing nets
 m - 32 arrows
 n - 13 stones (quivered)
 r - 28 sling bullets
Armour
 b - a +0 leather armour (worn)
 c - a +0 helmet (worn)
 k - a +0 pair of gloves
 l - a +0 kite shield
Jewellery
 f - a ring of protection from fire
Scrolls
 g - a scroll of immolation
 h - a scroll of teleportation
 j - a scroll of blinking
 o - a scroll of fear {unknown}
 p - 2 scrolls of summoning
 q - a scroll of vulnerability {unknown}
Potions
 s - a potion of cancellation


   Skills:
 - Level 2.1 Fighting
 + Level 6.7 Polearms
 - Level 2.0 Throwing
 - Level 4.0 Dodging
 + Level 2.7 Invocations


You had 3 spell levels left.
You didn't know any spells.
Your spell library contained the following spells:

 Spells                   Type           Power      Damage    Failure   Level
 Corona                   Hex            0%         N/A       50%         1
 Ensorcelled Hibernation  Hex/Ice        0%         N/A       65%         2
 Tukima's Dance           Hex            0%         N/A       86%         3


Dungeon Overview and Level Annotations

Branches:
Dungeon (4/15)
 Temple: D:4-7

Altars:
Elyvilon


Innate Abilities, Weirdness & Mutations

((You are quick and stealthy near water. (Stealth+, EV+, Speed+++)))
Your lower body shifts to a powerful aquatic tail in water.


Message History

You hear the slow rusting of a very distant drain.
There is a stone staircase leading up here.
You throw a stone.
The stone hits the gnoll but does no damage.
You throw a stone.
The stone hits the gnoll but does no damage.
You throw a stone. The stone barely misses the gnoll.
The stone hits the gnoll.
The gnoll is lightly wounded.
You reach to attack!
You puncture the gnoll!
The gnoll is severely wounded.
The gnoll barely misses you. The gnoll hits you with a +0 spear.
You barely miss the gnoll.
The gnoll is severely wounded.
The gnoll barely misses you. x2
You puncture the gnoll!
You kill the gnoll!
The gnoll barely misses you.
You hit the gnoll but do no damage.
The gnoll is lightly wounded.
The gnoll barely misses you.
You hit the gnoll.
The gnoll is moderately wounded.
The gnoll completely misses you. The gnoll closely misses you.
You hit the gnoll but do no damage.
The gnoll is moderately wounded.
The gnoll hits you with a +0 flail. The gnoll hits you with a +0 flail!
You closely miss the gnoll.
The gnoll is moderately wounded.
The gnoll hits you with a +0 flail!
* * * LOW HITPOINT WARNING * * *
The gnoll hits you with a +0 flail.
* * * LOW HITPOINT WARNING * * *
You feel better. The gnoll hits you with a +0 flail.
* * * LOW HITPOINT WARNING * * *
The gnoll hits you with a +0 flail.
* * * LOW HITPOINT WARNING * * *
You feel better. The gnoll closely misses you.
The gnoll hits you with a +0 flail!
You die...

#.# #.# #####.#####
#....†....#
#...†.....#
#.........#
#.........#
#.....)...#
#.@g......####
#....
#.........#########
###########


You could see 2 gnolls.

Vanquished Creatures
  2 gnolls (D:3)
  3 adders (D:2)
  2 dart slugs (D:1)
  7 endoplasms
  4 giant cockroaches
  5 hobgoblins
  4 jackals
  5 quokkas
  3 ball pythons
  8 bats
  A frilled lizard (D:1)
  3 goblins
  4 kobolds
  3 rats
54 creatures vanquished.

Notes
Turn   | Place    | Note
-------+----------+-------------------------------------------
     0 | D:1      | dolemite99 the Merfolk Gladiator began the quest for the
                  | Orb.
     0 | D:1      | Reached XP level 1. HP: 16/16 MP: 1/1
    64 | D:1      | Found a faded altar of an unknown god.
    83 | D:1      | Became a worshipper of Elyvilon the Healer
    83 | D:1      | Reached * piety under Elyvilon
    86 | D:1      | Reached skill level 5 in Polearms
   274 | D:1      | Reached XP level 2. HP: 22/22 MP: 2/2
   932 | D:1      | Reached skill level 1 in Invocations
   972 | D:1      | Reached XP level 3. HP: 18/27 MP: 3/3
  1886 | D:2      | Reached ** piety under Elyvilon
  1928 | D:2      | Reached skill level 6 in Polearms
  2081 | D:2      | Reached XP level 4. HP: 16/33 MP: 5/5
  3282 | D:3      | Slain by a gnoll

Illustrated notes

Levels and vault maps discovered:
D:1:      wander_arrival_peaceful_grave, layout_loops_cross,
          hellmonk_ecumenical_altar_blasted, minmay_vboxes
D:2:      layout_loops_corners
D:3:      layout_rooms, tso_oasis_becter, cheibrodos_sewer_entry_drain,
          kennysheep_generic_room_3
D:4:      layout_basic, mainiacjoe_overflow_catwalk

Skill      XL: |  1  2  3 |
---------------+----------+-----
Polearms       | 5 6 |  6.7
Invocations    | 1 2 |  2.7
Fighting       | |  2.1
Throwing       | |  2.0
Dodging        | |  4.0

Action                   |  1- 3 |  4- 6 || total
-------------------------+-------+-------++-------
Melee: Trident           |   127 |    79 ||   206
Throw: Stone             |       |     3 ||     3
  Use: Scroll            |       |     5 ||     5
       Potion            |       |     2 ||     2
 Stab: Sleeping          |     1 |       ||     1
Armor: Leather armour    |    24 |    18 ||    42
Dodge: Dodged            |    72 |    51 ||   123
